 Dungeon Crawl Stone Soup version 0.27-a0-1456-gf5a116941d (webtiles) character file.

Game seed: 7877172143155565152

301 Sweetruy1997 the Chiller (level 6, -4/41 HPs)
             Began as a Vampire Ice Elementalist on July 7, 2021.
             Slain by an ogre (21 damage)
             ... on level 4 of the Dungeon.
             The game lasted 00:16:49 (4667 turns).

Sweetruy1997 the Chiller (Vampire Ice Elementalist) Turns: 4667, Time: 00:16:50

Health: -4/41      AC:  6    Str:  9 (10) XL:     6   Next: 14%
Magic:  1/12       EV: 11    Int: 17 (20) God:
Gold:   182        SH:  3    Dex: 12 (14) Spells: 3/13 levels left

rFire    . . .     SeeInvis +   w - staff of conjuration
rCold    . . .     Faith    .   f - +0 buckler
rNeg     + . .     Spirit   .   c - +0 leather armour
rPois    .         Reflect  .   (no helmet)
rElec    .         Harm     .   d - +0 cloak
rCorr    .         Rampage  .   b - +1 pair of gloves {Str+3}
Will     .....                  (no boots)
Stlth    ++........             (no amulet)
HPRegen  0.33/turn              m - ring of flight
MPRegen  0.13/turn              x - ring of positive energy

@: flying, healing quickly
A: alive, fangs 3, see invisible, vampiric 2
a: Exsanguinate


You were on level 4 of the Dungeon.
You visited 1 branch of the dungeon, and saw 4 of its levels.

You collected 182 gold pieces.

Inventory:

Armour
 b - a +1 pair of gloves of strength (worn)
 c - a +0 leather armour (worn)
 d - a +0 cloak (worn)
 f - a +0 buckler (worn)
Magical Staves
 w - a staff of conjuration (weapon)
Jewellery
 j - a ring of protection from fire
 m - a ring of flight (left hand)
 x - a ring of positive energy (right hand)
Scrolls
 a - a scroll of enchant weapon {unknown}
 i - a scroll of acquirement {unknown}
 o - a scroll of amnesia {unknown}
 p - a scroll of magic mapping {unknown}
 r - a scroll of enchant armour {unknown}
 t - 4 scrolls of teleportation
 u - a scroll of holy word {unknown}
 v - a scroll of noise {unknown}
Potions
 e - 2 potions of curing
 g - a potion of haste {unknown}
 h - a potion of experience {unknown}
 k - a potion of might {unknown}
 l - a potion of brilliance
 n - 2 potions of lignification
 q - 2 potions of magic
 s - 2 potions of mutation {unknown}


   Skills:
 + Level 0.3 Fighting
 - Level 1.0 Short Blades
 + Level 0.8 Armour
 + Level 2.5 Dodging
 + Level 3.7 Stealth
 + Level 4.0 Spellcasting
 + Level 1.8 Conjurations
 + Level 4.9 Ice Magic


You had 3 spell levels left.
You knew the following spells:

 Your Spells              Type           Power      Damage    Failure   Level
a - Freeze                Ice            80%        1d9       4%          1
b - Magic Dart            Conj           56%        1d5       19%         1
c - Searing Ray           Conj           28%        3d4       26%         2
d - Frozen Ramparts       Ice            40%        1d6       14%         3
e - Ozocubu's Armour      Ice            20%        N/A       14%         3

Your spell library contained the following spells:

 Spells                   Type           Power      Damage    Failure   Level
 Slow                     Hex            3%         N/A       50%         2
 Confusing Touch          Hex            3%         N/A       73%         3
 Vampiric Draining        Necr           1%         2d6       73%         3
 Hailstorm                Conj/Ice       22%        3d7       67%         4
 Fulminant Prism          Conj/Hex       4%         3d6       95%         4


Dungeon Overview and Level Annotations

Branches:
Dungeon (4/15)
 Temple: D:4-7

Altars:
Qazlal
Trog


Innate Abilities, Weirdness & Mutations

Your natural rate of healing is accelerated.
You have razor-sharp teeth.
You have supernaturally acute eyesight. (SInv)
You are afflicted with vampirism and can become a bat while bloodless.


Message History

Your magical contamination has completely faded away.
Casting: Freeze (safe; 4% risk of failure)
Confirm with . or Enter, or press ? or * to list all spells.
You can't see any susceptible monsters within range! (Use Z to cast anyway.) Unknown command.
Casting: Freeze (safe; 4% risk of failure)
Confirm with . or Enter, or press ? or * to list all spells.
Aiming: Magic Dart (safe; 19% risk of failure)
Press: ? - help, Shift-Dir - straight line, f/p - ogre
Aim: an ogre, wielding a +0 giant club (heavily wounded, 100% to hit)
You feel a surge of power!
You miscast Magic Dart.
You are very lightly contaminated with residual magic.
Nothing appears to happen.
You hit the ogre.
The ogre is heavily wounded.
The ogre closely misses you.
Your magical contamination has completely faded away.
Casting: Magic Dart (safe; 19% risk of failure)
Confirm with . or Enter, or press ? or * to list all spells.
Aiming: Freeze (safe; 4% risk of failure)
Press: ? - help, Shift-Dir - straight line, f/p - ogre
Aim: an ogre, wielding a +0 giant club (heavily wounded)
You freeze the ogre.
The ogre is heavily wounded.
You block the ogre's attack. The goblin barely misses you.
You hit the ogre.
The ogre is severely wounded.
The ogre hits you with a +0 giant club. The goblin closely misses you.
You hit the ogre.
The ogre is severely wounded.
The goblin hits you with a +0 club. The ogre barely misses you.
You barely miss the ogre.
The ogre is severely wounded.
The goblin hits you with a +0 club. The ogre completely misses you.
You hit the ogre. You bite the ogre.
The ogre is almost dead.
The goblin closely misses you.
The ogre hits you with a +0 giant club!!
Ouch! That really hurt!
You die...

####≈#.#≈#..........##
##!#≈≈≈§§#..........#
#[.#######....#....###
.)............#......###
.)...............##....###
.........................#
............####.........#
...........#..##Og......##
..##.........###@..#.####
...#...........#...#.#
...............#######
##............##
#...........###
##........####
#.....#......##
....#.........#
..^#####>...###


You could see an ogre and a goblin.

Vanquished Creatures
  Jessica (D:2)
  Natasha (twice) (D:3)
  An iguana (D:2)
  An orc wizard (D:3)
  8 gnolls (D:4)
  2 adders
  A worm (D:4)
  A dart slug (D:1)
  4 orcs (D:3)
  4 endoplasms
  A giant cockroach (D:1)
  14 goblins
  8 hobgoblins
  4 quokkas
  8 ball pythons
  3 bats
  3 frilled lizards
  4 kobolds
  6 rats
76 creatures vanquished.

Notes
Turn   | Place    | Note
-------+----------+-------------------------------------------
     0 | D:1      | Sweetruy1997 the Vampire Ice Elementalist began the quest
                  | for the Orb.
     0 | D:1      | Reached XP level 1. HP: 13/13 MP: 3/3
   149 | D:1      | Learned a level 1 spell: Magic Dart
   295 | D:1      | Reached XP level 2. HP: 19/19 MP: 0/5
   497 | D:1      | Learned a level 2 spell: Searing Ray
   633 | D:1      | Found a faded altar of an unknown god.
  1107 | D:2      | Noticed Jessica
  1124 | D:2      | Killed Jessica
  1125 | D:2      | Gained mutation: You are afflicted with vampirism and can
                  | become a bat while bloodless. [Vampire growth]
  1125 | D:2      | Reached XP level 3. HP: 18/19 MP: 6/6
  1185 | D:2      | Learned a level 3 spell: Frozen Ramparts
  1205 | D:2      | You fall into a shaft and drop 1 floor!
  1907 | D:2      | Reached skill level 1 in Short Blades
  1907 | D:2      | Reached skill level 1 in Conjurations
  1907 | D:2      | Reached XP level 4. HP: 16/27 MP: 0/8
  2445 | D:3      | Noticed Natasha
  2452 | D:3      | Killed Natasha
  2685 | D:3      | Reached XP level 5. HP: 31/31 MP: 2/10
  3094 | D:3      | Noticed Natasha
  3105 | D:3      | Killed Natasha
  3452 | D:3      | Found a bloodstained altar of Trog.
  4262 | D:4      | Reached XP level 6. HP: 41/41 MP: 2/11
  4354 | D:4      | Learned a level 3 spell: Ozocubu's Armour
  4380 | D:4      | Found a stormy altar of Qazlal.
  4667 | D:4      | Slain by an ogre

Illustrated notes

Levels and vault maps discovered:
D:1:      dpeg_arrival_morbid_curiosity, layout_rooms,
          hellmonk_ecumenical_altar_lost_god, minmay_pentomino_t2
D:2:      layout_basic, chequers_serial_rivers_large_a, uniq_jessica
D:3:      layout_loops_corners, trog_butcher_becter, uniq_natasha
D:4:      layout_cave_pools, kennysheep_little_box, minmay_ogre_servants

Skill      XL: |  1  2  3  4  5  6 |
---------------+-------------------+-----
Short Blades   | 1 |  1.0
Conjurations   | 1 |  1.8
Spellcasting   | 3 4 |  4.0
Fighting       | |  0.3
Armour         | |  0.8
Dodging        | |  2.5
Stealth        | |  3.7
Ice Magic      | |  4.9

Action                   |  1- 3 |  4- 6 || total
-------------------------+-------+-------++-------
Melee: Short sword       |    34 |     5 ||    39
       Unarmed           |     2 |       ||     2
       Bite              |     6 |     5 ||    11
       Staff             |       |    46 ||    46
Throw: Throwing net      |       |     1 ||     1
 Cast: Magic Dart        |    46 |    77 ||   123
       Freeze            |    17 |    33 ||    50
       Frozen Ramparts   |       |     3 ||     3
       Ozocubu's Armour  |       |     1 ||     1
 Abil: Exsanguinate      |     1 |       ||     1
       Revivify          |     1 |       ||     1
  Use: Scroll            |       |     3 ||     3
       Potion            |       |     3 ||     3
 Stab: Sleeping          |     3 |       ||     3
Armor: Leather armour    |    16 |    13 ||    29
Dodge: Dodged            |    17 |    58 ||    75
Block: Buckler           |       |     6 ||     6

Table legend: (Time is in decaauts)
 A = Elapsed time spent in this place.
 B = Non-inter-level travel time spent in this place.
 C = Inter-level travel time spent in this place.
 D = Time resting spent in this place.
 E = Time spent auto-exploring this place.
 F = Levels seen in this place.
 G = Mean time per level.
                   A        B        C        D        E       F      G
               +--------+--------+--------+--------+--------+-----+--------+
         Total |   4684 |   4528 |    156 |    718 |   3163 |   4 | 1171.0 |
       Dungeon |   4684 |   4528 |    156 |    718 |   3163 |   4 | 1171.0 |
               +--------+--------+--------+--------+--------+-----+--------+

Top non-repeatable levels by time:
     D:2: 1387 daAuts
     D:3: 1338 daAuts
     D:4: 984 daAuts
     D:1: 974 daAuts
